 Dungeon Crawl Stone Soup version 0.32-a0-876-gcfddb08e57 (webtiles) character file.

Game seed: 9601038458929361812

672 Lanoc the Slasher (level 7, -5/55 HPs)
             Began as a Coglin Gladiator on Apr 1, 2024.
             Was a Believer of Beogh.
             Slain by a bullfrog (7 damage)
             ... in a sewer.
             The game lasted 00:05:09 (2713 turns).

Lanoc the Slasher (Coglin Gladiator)                Turns: 2713, Time: 00:05:10

Health: -5/55      AC:  4    Str: 14    XL:     7   Next: 59%
Magic:  7/7        EV: 12    Int:  8    God:    Beogh [**....]
Gold:   152        SH:  0    Dex: 17    Spells: 6/6 levels left

rFire   . . .        a - +0 long sword {Hideko}
rCold   . . .        f - +0 dagger {Arashi}
rNeg    . . .        b - +0 leather armour
rPois   .            c - +0 helmet
rElec   .            (no cloak)
rCorr   .            (no gloves)
SInv    .            (no boots)
Will    .....        (amulet unavailable)
Stlth   +            (ring unavailable)
HPRegen 0.29/turn    (ring unavailable)
MPRegen 0.10/turn    (no gizmo)

%: no passive effects
@: hasted, revved, very quick
A: off-hand wielding, slow wielding, warmup strikes, no jewellery
a: Invent Gizmo, Renounce Religion, Smiting


You were in a sewer.
You worshipped Beogh.
Beogh was pleased with you.
You visited 1 branch of the dungeon, and saw 5 of its levels.
You also visited: Sewer.

You collected 152 gold pieces.

Inventory:

Hand Weapons
 a - a +0 long sword (weapon) {Hideko}
 f - a +0 dagger (offhand) {Arashi}
Missiles
 e - a javelin
Armour
 b - a +0 leather armour (worn)
 c - a +0 helmet (worn)
Scrolls
 g - a scroll of amnesia {unknown}
 i - a scroll of teleportation
 j - a scroll of revelation
 o - a scroll of immolation {unknown}
 q - a scroll of brand weapon {unknown}
 s - a scroll of noise {unknown}
 t - a scroll of fear
Potions
 h - a potion of brilliance
 k - a potion of cancellation
 m - 5 potions of attraction {unknown}
 n - a potion of mutation {unknown}
 r - a potion of enlightenment


   Skills:
 + Level 4.4 Fighting
 * Level 6.4 Long Blades
 - Level 1.7 Throwing
 + Level 4.5 Dodging


You had 6 spell levels left.
You didn't know any spells.
Your spell library contained the following spells:

 Spells                   Type           Power      Damage    Failure   Level
 Shock                    Conj/Air       0%         1d3       50%         1
 Swiftness                Air            0%         N/A       86%         3
 Airstrike                Air            0%         2d(0-16)  99%         4


Dungeon Overview and Level Annotations

Branches:
Dungeon (5/15)              Sewer (1/1)
 Temple: D:4-7

Altars:
Kikubaaqudgha


Innate Abilities, Weirdness & Mutations

Your facial features look somewhat orcish.
You can wield a second weapon in your off-hand.
It takes a long time for you to wield or remove held weapons.
Your first few attacks do less damage.
You cannot equip rings or amulets.


Message History

The ball python barely misses you. The ball python constricts you.
You catch the helpless bullfrog completely off-guard!
You hit the bullfrog with your +0 long sword.
The bullfrog is severely wounded.
You hit the bullfrog with your +0 dagger.
The bullfrog struggles against the net.
The net rips apart, and the bullfrog comes free!
The bullfrog hits you.
The ball python bites you but does no damage.
The ball python constricts you.
The bullfrog hits you but does no damage.
The bullfrog hits you.
You hit the bullfrog with your +0 dagger.
The bullfrog is lightly wounded.
You barely miss the bullfrog with your +0 long sword.
The bullfrog hits you but does no damage.
The bullfrog completely misses you. The ball python bites you.
The ball python constricts you.
You miss the bullfrog with your +0 long sword.
The bullfrog is severely wounded.
You hit the bullfrog but do no damage. The bullfrog hits you!
The bullfrog hits you.
* * * LOW HITPOINT WARNING * * *
The ball python barely misses you. The ball python constricts you.
The bullfrog hits you.
* * * LOW HITPOINT WARNING * * *
The bullfrog hits you.
* * * LOW HITPOINT WARNING * * *
You feel yourself speed up. The ball python barely misses you.
The ball python constricts you.
* * * LOW HITPOINT WARNING * * *
The bullfrog barely misses you. The bullfrog hits you.
* * * LOW HITPOINT WARNING * * *
You escape the ball python's grasp.
You enter the shallow water.
Moving in this stuff is going to be slow.
The bullfrog hits you.
* * * LOW HITPOINT WARNING * * *
You see here a frilled lizard corpse.
The bullfrog hits you!
You die...

~.~#~.## ##†~#~~~#~.#
~.##~~# #~.###~#~~#
~~#~~## ##~~~#~#~~#
.~#~~# ≈~~~~~. #†.∩#†#~~#
~.#~~# ≈~.~.~. #~~~#~#~~#
.~#~~# ~.[..~~ #~~##~#†~#
~~#~~# ~.$)~~~ #~~#~~#.~#
~~#~~# ..[($~~ #.~#~~#~~#
~~#~~##≈..?~.~##@.#~..~~#
~~##~~#≈~~..~†SF†.#~.†~~#
~~.#~~##≈.~~~~.F###~~~~.#
#~.#~~~##≈~~~~###~#######
#~~##~~~#######~~~~~#
#..~#~~~.~.~.~~~~~~~#
##†~##~~~~~~~~~##†~##
#~~~##.~~..~~##†~##
#~..†###~.~###~~~#


You could see 2 bullfrogs and a ball python.

Vanquished Creatures
  Grinder (D:4)
  A phantom (D:4)
  A bombardier beetle (D:4)
  Natasha (thrice) (D:2)
  An orc wizard (D:5)
  2 iguanas
  6 adders
  13 dart slugs
  10 orcs
  17 endoplasms
  18 giant cockroaches
  4 hobgoblins
  A kobold (D:4)
  7 quokkas
  11 ball pythons
  5 bats
  8 frilled lizards
  5 goblins
  8 rats
122 creatures vanquished.

Notes
Turn   | Place    | Note
-------+----------+-------------------------------------------
     0 | D:1      | Lanoc the Coglin Gladiator began the quest for the Orb.
     0 | D:1      | Reached XP level 1. HP: 16/16 MP: 1/1
    95 | D:1      | Reached XP level 2. HP: 22/22 MP: 2/2
   201 | D:1      | Found a faded altar of an unknown god.
   611 | D:2      | Reached XP level 3. HP: 22/28 MP: 3/3
   701 | D:2      | Noticed Natasha
   715 | D:2      | Killed Natasha
   716 | D:2      | Reached skill level 4 in Long Blades
   716 | D:2      | Reached XP level 4. HP: 12/34 MP: 4/4
   790 | D:2      | Noticed Natasha
   800 | D:2      | Killed Natasha
   800 | D:2      | Noticed Natasha
   807 | D:2      | Killed Natasha
   817 | D:2      | Reached XP level 5. HP: 5/41 MP: 5/5
  1543 | D:3      | Found an ancient bone altar of Kikubaaqudgha.
  1858 | D:4      | Noticed Grinder
  1858 | D:4      | Paralysed by Grinder for 2 turns
  1882 | D:4      | Killed Grinder
  1883 | D:4      | Reached skill level 5 in Long Blades
  1883 | D:4      | Reached XP level 6. HP: 18/48 MP: 6/6
  1965 | D:4      | Became a worshipper of Beogh the Shepherd
  2018 | D:4      | Reached XP level 7. HP: 39/54 MP: 7/7
  2028 | D:4      | Reached skill level 6 in Long Blades
  2121 | D:5      | Entered Level 5 of the Dungeon
  2295 | D:5      | Found a glowing drain.
  2300 | D:5      | Reached * piety under Beogh
  2322 | Sewer    | Entered a sewer
  2607 | Sewer    | Reached ** piety under Beogh
  2712 | Sewer    | HP: 2/55 [bullfrog (3)]
  2713 | Sewer    | Slain by a bullfrog

Illustrated notes

Levels and vault maps discovered:
D:1:      minmay_arrival_stair_chambers, layout_basic, basic_ecumenical_altar
D:2:      wad_pebble_path, layout_loops_ring, minmay_tripent, uniq_natasha
D:3:      layout_rooms, nicolae_kikubaaqudgha_miasma_corner
D:4:      layout_rooms, mainiacjoe_overflow_divided_tiny, ebering_ghost_gozag,
          grunt_ministairs_11, uniq_grinder, uniq_pikel
D:5:      layout_loops_cross, bloody_makhleb, zin_statuary,
          chequers_temple_overflow_statue_of_worship, gup_sewer_entry_pipe
Sewer:    sewer_frog_island_02

Skill      XL: |  1  2  3  4  5  6  7 |
---------------+----------------------+-----
Dodging        | 3 4 |  4.5
Long Blades    | 4 5 6 |  6.4
Fighting       | 3 4 |  4.4
Throwing       | |  1.7

Action                     |  1- 3 |  4- 6 |  7- 9 || total
---------------------------+-------+-------+-------++-------
  Melee: Long sword        |    50 |    88 |   175 ||   313
         Dagger            |    39 |    83 |   160 ||   282
  Throw: Throwing net      |       |     2 |     1 ||     3
 Invoke: Convert to Beogh  |       |     1 |       ||     1
    Use: Scroll            |       |       |     7 ||     7
         Potion            |       |       |     3 ||     3
   Stab: Sleeping          |     4 |       |     1 ||     5
         Held in net/web   |       |     1 |     1 ||     2
 Armour: Leather armour    |    27 |    49 |   123 ||   199
  Dodge: Dodged            |    37 |    51 |   114 ||   202

Table legend: (Time is in decaauts)
 A = Elapsed time spent in this place.
 B = Non-inter-level travel time spent in this place.
 C = Inter-level travel time spent in this place.
 D = Time resting spent in this place.
 E = Time spent auto-exploring this place.
 F = Levels seen in this place.
 G = Mean time per level.
                   A        B        C        D        E       F      G
               +--------+--------+--------+--------+--------+-----+--------+
         Total |   2777 |   2671 |    106 |     50 |   1755 |   6 |  462.8 |
       Dungeon |   2330 |   2224 |    106 |     50 |   1572 |   5 |  466.0 |
         Sewer |    446 |    446 |      0 |      0 |    183 |   1 |  446.0 |
               +--------+--------+--------+--------+--------+-----+--------+

Top non-repeatable levels by time:
     D:2: 874 daAuts
     D:1: 579 daAuts
   Sewer: 446 daAuts
     D:3: 367 daAuts
     D:4: 303 daAuts
     D:5: 205 daAuts
